Map: Orbital Shipyard

Players

БольшойБОСС - Winner!

  • Race: Terran Terran
  • League: Grandmaster

Voltz

  • Race: Zerg Zerg

Event: Gauntlet LotV Series 1 Qualifier 2

VOD

Have the link to the VOD?

Description

Time

  • Played on: Dec. 5, 2015, 2:40 p.m.
  • Length: 10:31

All games in this series

Show
View Real Time Build Order
Export as new Build Order

БольшойБОСС Terran - Winner!

Build Orders: Bio Mine 

Get SALT Encoding   

  12  0:01  SCV  
  13  0:13  SCV  
  14  0:18  Supply Depot  
  14  0:25  SCV  
  15  0:30  Refinery  
  15  0:39  SCV  
  16  0:44  Barracks  
  16  0:52  SCV  
  17  1:04  SCV  
  18  1:05  Barracks  
  18  1:16  SCV  
  19  1:22  Barracks  
  19  1:31  Reaper  
  20  1:39  Orbital Command  
  20  1:50  Supply Depot  
  20  1:52  Reaper  
  21  2:02  Refinery  
  21  2:03  Reaper  
  21  2:04  SCV  
  23  2:12  Reaper  
  24  2:16  SCV  
  24  2:20  Supply Depot  
  25  2:28  SCV  
  26  2:32  Reaper  
  27  2:40  SCV  
  27  2:41  Reaper  
  29  2:52  Reaper  
  29  2:53  SCV  
  30  3:05  SCV  
  31  3:09  Command Center  
  31  3:13  Reaper  
  31  3:14  Reaper  
  31  3:17  SCV  
  34  3:24  Reaper  
  35  3:29  SCV  
  35  3:33  Supply Depot  
  36  3:46  Reaper  
  36  3:47  SCV  
  37  3:57  Barracks Reactor  
  37  3:58  Barracks Reactor  
  37  3:59  SCV  
  37  4:07  Command Center  
  36  4:11  SCV  
  37  4:20  Barracks Tech Lab  
  37  4:23  SCV, Orbital Command  
  38  4:33  Marine x2  
  38  4:34  Marine  
  38  4:35  SCV, Marine  
  43  4:39  Stimpack  
  43  4:45  Marine  
  44  4:47  SCV  
  44  4:50  SCV  
  44  4:51  Marine  
  47  4:54  Marine  
  47  4:55  Engineering Bay  
  47  4:56  Engineering Bay  
  47  4:59  SCV  
  49  5:00  Marine  
  49  5:02  SCV  
  49  5:05  Marine  
  52  5:11  SCV, Factory  
  52  5:13  Marine  
  52  5:14  SCV, Marine  
  54  5:19  Supply Depot  
  56  5:24  SCV, Orbital Command  
  56  5:25  Marine  
  56  5:27  Marine  
  58  5:28  Marine  
  58  5:32  SCV  
  58  5:34  Terran Infantry Armor Level 1  
  58  5:35  Terran Infantry Weapons Level 1  
  60  5:38  SCV  
  60  5:42  Refinery x2  
  61  5:43  Marine  
  61  5:44  Marine  
  61  5:45  SCV  
  61  5:46  Marine  
  65  5:51  Marine  
  65  5:57  Marine  
  65  5:58  SCV  
  65  6:00  Starport  
  67  6:04  SCV, Orbital Command  
  67  6:05  Marine  
  67  6:09  Marine  
  67  6:10  Factory Reactor  
  65  6:15  Barracks, Marine  
  65  6:16  Marine  
  65  6:17  SCV, Barracks  
  68  6:19  Marine  
  68  6:23  Marine  
  68  6:24  SCV  
  71  6:29  SCV  
  71  6:31  SCV  
  73  6:36  SCV  
  73  6:39  Marine  
  74  6:40  Marine  
  74  6:41  SCV  
  74  6:42  Combat Shields, Marine  
  74  6:43  SCV  
  79  6:50  SCV  
  79  6:51  Medivac  
  79  6:52  Medivac  
  79  6:53  Factory Reactor  
  84  6:55  Supply Depot, Marine  
  84  6:56  Supply Depot, Armory  
  84  6:58  Refinery  
  84  6:59  Supply Depot  
  85  7:05  Barracks Reactor  
  85  7:07  Barracks Reactor  
  85  7:12  Factory  
  85  7:17  SCV x3, Marine  
  85  7:20  Supply Depot, Marine x3  
  85  7:21  Supply Depot  
  92  7:27  Marine, Medivac x2  
  92  7:29  SCV x3  
  100  7:30  Widow Mine x2  
  100  7:34  Marine  
  100  7:36  Supply Depot  
  105  7:39  Supply Depot, Marine x2  
  105  7:40  Refinery  
  105  7:41  SCV x2  
  105  7:42  SCV  
  110  7:45  Supply Depot, Terran Infantry Armor Level 2  
  110  7:49  Terran Infantry Weapons Level 2  
  110  7:51  Marine  
  110  7:53  Marine  
  112  7:58  Marine  
  112  8:00  Marine  
  112  8:01  Factory Tech Lab, Widow Mine x2  
  112  8:02  Marine  
  112  8:04  Marine  
  112  8:05  Marine  
  120  8:10  Marine  
  122  8:16  SCV  
  122  8:17  Medivac, Marine  
  122  8:18  Command Center, Marine  
  122  8:19  SCV  
  128  8:20  SCV  
  128  8:23  Marine  
  128  8:24  Supply Depot, Marine  
  131  8:27  Drilling Claws  
  131  8:28  SCV  
  131  8:31  Marine  
  131  8:32  SCV  
  134  8:35  Marine  
  134  8:42  Marine  
  134  8:45  Marine  
  134  8:46  SCV, Marine  
  134  8:48  Marine  
  135  8:50  Widow Mine x2, Marine x2  
  135  8:51  Marine, Medivac x2  
  145  8:57  Marine  
  145  8:58  Widow Mine, Marine  
  145  9:00  Marine  
  145  9:01  SCV x2  
  145  9:02  SCV  
  145  9:03  Marine  
  145  9:05  Marine  
  145  9:06  Marine  
  145  9:08  Marine  
  147  9:12  Barracks  
  147  9:13  SCV  
  147  9:14  Marine  
  147  9:15  Marine  
  148  9:22  Widow Mine x2, Marine x3  
  148  9:23  Medivac x2, Marine x2  
  154  9:24  Marine  
  154  9:27  Marine  
  154  9:28  Widow Mine  
  157  9:31  Marine  
  157  9:32  Supply Depot, Marine  
  157  9:34  Supply Depot  
  157  9:35  Supply Depot  
  156  9:39  Marine x2  
  156  9:40  Marine  
  156  9:41  Marine  
  156  9:44  Marine  
  157  9:47  Marine  
  157  9:50  Widow Mine, Marine  
  157  9:51  Widow Mine  
  163  9:57  Widow Mine  
  163  9:59  Marine x2  
  167  10:03  Barracks Tech Lab, Barracks x2  
  167  10:07  Marine x3  
  167  10:11  Marine  
  182  10:24  Refinery  
Show
View Real Time Build Order
Export as new Build Order

Voltz Zerg 

Build Orders: Hatch First 

Get SALT Encoding   

  12  0:01  Drone  
  13  0:13  Overlord  
  13  0:17  Drone  
  14  0:32  Drone x2  
  16  0:36  Drone  
  17  0:51  Hatchery  
  17  0:54  Drone  
  17  0:57  Drone  
  18  1:08  Extractor  
  17  1:12  Spawning Pool  
  17  1:15  Drone  
  17  1:18  Drone  
  18  1:29  Drone  
  19  1:40  Drone  
  20  1:50  Overlord  
  20  1:59  Queen  
  22  2:03  Zergling x2, Queen  
  22  2:04  Zergling x2  
  26  2:09  Metabolic Boost  
  26  2:12  Drone  
  26  2:14  Drone  
  28  2:22  Overlord  
  28  2:29  Drone  
  29  2:34  Spore Crawler  
  28  2:37  Drone  
  28  2:38  Drone  
  28  2:40  Extractor  
  30  2:45  Queen  
  30  2:48  Drone  
  30  2:49  Drone  
  33  2:58  Zergling x2  
  33  2:59  Zergling x2  
  33  3:05  Extractor  
  32  3:10  Zergling x2  
  32  3:11  Zergling x6  
  34  3:21  Zergling x2  
  34  3:26  Zergling x2  
  38  3:27  Zergling x8  
  38  3:31  Queen x2  
  43  3:37  Overlord  
  43  3:48  Overlord  
  43  3:57  Drone x5  
  43  4:00  Drone  
  48  4:12  Drone  
  47  4:17  Overlord  
  47  4:23  Hatchery  
  46  4:25  Drone x2  
  46  4:26  Extractor  
  46  4:28  Extractor  
  46  4:29  Evolution Chamber x2  
  46  4:30  Spine Crawler, Queen  
  44  4:35  Queen  
  48  4:45  Drone  
  48  4:46  Drone x3  
  48  4:49  Drone x2  
  48  4:50  Drone x2  
  48  4:52  Drone  
  57  5:00  Drone x3  
  57  5:06  Drone, Extractor  
  60  5:07  Extractor  
  60  5:10  Zerg Ground Armor Level 1  
  60  5:12  Drone  
  60  5:19  Overlord x2  
  60  5:32  Zerg Melee Weapons Level 1  
  60  5:36  Overlord, Queen  
  60  5:37  Drone x2  
  60  5:39  Drone x2  
  60  5:40  Drone x2  
  68  5:45  Zergling x2  
  68  5:46  Zergling x6  
  69  6:02  Drone x4  
  69  6:03  Drone  
  70  6:05  Drone  
  70  6:08  Drone  
  70  6:16  Drone  
  71  6:20  Drone  
  71  6:21  Drone  
  71  6:22  Drone  
  71  6:24  Lair  
  74  6:30  Drone x4  
  78  6:33  Drone  
  78  6:36  Drone  
  79  6:40  Drone  
  79  6:43  Extractor x2  
  78  6:47  Drone x2  
  78  6:48  Overlord  
  78  6:49  Drone x2  
  78  6:50  Drone  
  83  7:02  Zergling x4  
  83  7:03  Hatchery, Baneling Nest, Zergling x6  
  83  7:06  Queen  
  88  7:11  Zergling x4  
  90  7:16  Zergling x4  
  90  7:20  Drone  
  90  7:21  Drone x3  
  96  7:24  Spire  
  96  7:25  Zerg Ground Armor Level 2  
  96  7:26  Zergling x2  
  96  7:29  Overlord  
  96  7:36  Zergling x4  
  98  7:45  Overlord x3  
  98  7:49  Baneling x13  
  98  7:56  Zergling x2  
  98  7:57  Zergling x10  
  103  8:00  Overlord x2  
  100  8:09  Overlord  
  96  8:18  Zergling x14  
  103  8:23  Hatchery  
  102  8:27  Zergling x2  
  102  8:28  Zergling x6  
  101  8:42  Zergling x2  
  101  8:43  Zergling x18  
  109  8:50  Zergling x2  
  109  8:51  Zergling x8  
  109  8:53  Overseer  
  100  8:56  Zergling x2  
  79  9:03  Zergling x2  
  79  9:04  Zergling x2  
  78  9:10  Zergling x2  
  78  9:11  Zergling x4  
  78  9:14  Zergling x12  
  77  9:19  Zergling x6  
  77  9:20  Zergling x2  
  74  9:31  Zergling x6  
  58  9:45  Drone  
  58  9:46  Drone x2, Spire  
  61  9:52  Drone  
  61  9:53  Drone x2  
  69  10:10  Drone  
  69  10:11  Drone x3  
  69  10:14  Drone x2  
  75  10:22  Baneling Nest  
Tags
 
Add a new tag
Caveats
  • Supply blocks, unpowered buildings, or Contaminate may cause inaccurate times.
  • Supply counts are checked every 10 seconds.